 Dungeon Crawl Stone Soup version 0.28.0-53-g5a82cb258f (webtiles) character file.

Game seed: 7235867771875181884

136142 DemonSlayer the Eclecticist (level 16, 0/160 (166) HPs)
             Began as a Demonspawn Fire Elementalist on Aug 11, 2022.
             Was the Champion of Cheibriados.
             Slain by a phantasmal warrior (27 damage)
             ... on level 14 of the Dungeon on Aug 12, 2022.
             The game lasted 02:02:28 (39619 turns).

DemonSlayer the Eclecticist (DsFE)                 Turns: 39619, Time: 02:02:29

HP:   0/160 (166)   AC: 16    Str: 30    XL:     16   Next: 66%
MP:   28/44         EV: 17    Int: 41    God:    Cheibriados [******]
Gold: 3115          SH: 21    Dex: 25    Spells: 1/46 levels left

rFire   + + +      SeeInvis +   j - +3 Elemental Staff {rElec rF++ rC++ AC+5}
rCold   + + .      Faith    .   k - +4 kite shield {rF+}
rNeg    . . .      Spirit   .   w - +1 leather armour "Uqiotec" {rF+ Will+ Regen+}
rPois   +          Reflect  .   (helmet unavailable)
rElec   +          Harm     .   H - +0 cloak
rCorr   .          Rampage  .   e - +0 pair of gloves of the Pleiades {rPois Str+7 Dex-5 Slay+2}
Will    ++...                   t - +0 pair of boots
Stlth   ..........              y - amulet of Beilem {Acrobat rF+ Regen+ Int+2}
HPRegen 1.96/turn               K - ring of magical power
MPRegen 0.29/turn               l - +4 ring of slaying

@: berserking (expiring), lightly drained, very slow
A: antennae 3, molten scales 2, spiny 2, condensation shield
a: Renounce Religion, Bend Time, Temporal Distortion, Slouch, Step From Time


You were on level 14 of the Dungeon.
You worshipped Cheibriados.
Cheibriados was exalted by your worship.
You visited 4 branches of the dungeon, and saw 24 of its levels.
You also visited: Ice Cave and Volcano.

You collected 4556 gold pieces.
You spent 1441 gold pieces at shops.

Inventory:

Hand Weapons
 j - the +3 Elemental Staff (weapon) {rElec rF++ rC++ AC+5}
   (You acquired it on level 10 of the Dungeon)

   If the wielder is skilled in Evocations, they can discharge powerful blasts
   of elemental energy when striking with it.
   It enhances your fire, ice, earth and air magic.
   AC:        It affects your AC (+5).
   rF:        It greatly protects you from fire.
   rC:        It greatly protects you from cold.
   rElec:     It insulates you from electricity.
 M - the +11 war axe of Xuucs {pain, Str+4 Dex+3}
   (You found it on level 3 of the Lair of Beasts)

   In the hands of one skilled in necromantic magic, it inflicts extra damage on
   living creatures.
   Str:       It affects your strength (+4).
   Dex:       It affects your dexterity (+3).
 N - a +1 fustibalus of flaming
Missiles
 i - 197 sling bullets
 o - 4 curare-tipped darts
Armour
 b - the +1 ring mail "Roivoce" {-Cast rC+++ Will+ Regen+}
   (You found it on level 12 of the Dungeon)

   rC:        It renders you almost immune to cold.
   -Cast:     It prevents spellcasting.
   Regen:     It increases your rate of health regeneration.
   Will:      It increases your willpower.
 e - the +0 pair of gloves of the Pleiades (worn) {rPois Str+7 Dex-5 Slay+2}
   (You found it in a volcano)

   Str:       It affects your strength (+7).
   Dex:       It affects your dexterity (-5).
   Slay:      It affects your accuracy & damage with ranged weapons and melee
   (+2).
   rPois:     It protects you from poison.
 k - a +4 kite shield of fire resistance (worn)
 t - a +0 pair of boots (worn)
 w - the +1 leather armour "Uqiotec" (worn) {rF+ Will+ Regen+}
   (You bought it in a shop on level 7 of the Dungeon)

   rF:        It protects you from fire.
   Regen:     It increases your rate of health regeneration.
   Will:      It increases your willpower.
 H - a +0 cloak (worn)
Jewellery
 l - a +4 ring of slaying (right hand)
 q - a ring of poison resistance
 y - the amulet of Beilem (around neck) {Acrobat rF+ Regen+ Int+2}
   (You found it on level 6 of the Lair of Beasts)

   [amulet of the acrobat]

   It increases your evasion while moving and waiting.
   Int:       It affects your intelligence (+2).
   rF:        It protects you from fire.
   Regen:     It increases your rate of health regeneration.
 K - a ring of magical power (left hand)
Wands
 v - a wand of flame (13)
 G - a wand of paralysis (8)
 I - a wand of polymorph (16)
 J - a wand of mindburst (6)
 P - a wand of acid (4)
Scrolls
 a - 8 scrolls of teleportation
 d - a scroll of brand weapon
 f - 3 scrolls of vulnerability
 n - 6 scrolls of identify
 x - 3 scrolls of holy word
 z - a scroll of torment {unknown}
 A - a scroll of amnesia
 B - 7 scrolls of fog
 D - 3 scrolls of silence
 L - 2 scrolls of fear
 O - a scroll of blinking
Potions
 c - 2 potions of resistance
 g - 2 potions of lignification
 h - 6 potions of mutation
 m - 5 potions of flight
 p - 5 potions of attraction
 r - 4 potions of brilliance
 u - 10 potions of curing


   Skills:
 + Level 5.7 Fighting
 + Level 6.6(7.0) Axes
 + Level 3.4(6.0) Polearms
 + Level 3.9(4.5) Staves
 + Level 3.1(3.3) Slings
 + Level 1.3(2.4) Throwing
 + Level 6.4 Armour
 + Level 7.4 Dodging
 + Level 5.1 Stealth
 + Level 8.4 Shields
 + Level 15.9 Spellcasting
 + Level 8.0 Conjurations
 + Level 0.8 Necromancy
 + Level 0.2 Transmutations
 + Level 13.1 Fire Magic
 + Level 1.7 Ice Magic
 + Level 6.1 Earth Magic
 + Level 0.4 Poison Magic
 + Level 1.9 Evocations


You had one spell level left.
You knew the following spells:

 Your Spells              Type           Power      Damage    Failure   Level
a - Foxfire               Conj/Fire      100%       2x1d9     1%          1
b - Scorch                Fire           100%       2d10      0%          2
c - Conjure Flame         Conj/Fire      100%       6-21      1%          3
d - Ignite Poison         Fire/Tmut/Pois 82%        N/A       1%          3
e - Flame Wave            Conj/Fire      100%       2d17      1%          4
f - Starburst             Conj/Fire      54%        6d15      4%          6
g - Ozocubu's Armour      Ice            63%        N/A       3%          3
h - Ozocubu's Refrigerat  Ice            31%        4d11      100%        7
i - Sticky Flame          Conj/Fire      100%       2d11      1%          4
j - Stone Arrow           Conj/Erth      100%       3d13      1%          3
k - Frozen Ramparts       Ice            100%       1d12      3%          3
l - Ensorcelled Hibernat  Hex/Ice        100%       N/A       2%          2
m - Dispel Undead         Necr           39%        3d16      17%         4

Your spell library contained the following spells:

 Spells                   Type           Power      Damage    Failure   Level
 Animate Skeleton         Necr           78%        N/A       1%          1
 Pain                     Necr           100%       1d9       1%          1
 Apportation              Tloc           64%        N/A       2%          1
 Beastly Appendage        Tmut           68%        N/A       2%          1
 Sting                    Tmut/Pois      100%       1d8       2%          1
 Static Discharge         Conj/Air       78%        N/A       1%          2
 Inner Flame              Hex/Fire       92%        N/A       1%          3
 Corpse Rot               Necr/Air       100%       N/A       3%          2
 Poisonous Vapours        Pois/Air       100%       N/A       3%          2
 Vampiric Draining        Necr           39%        2d8       4%          3
 Spider Form              Tmut/Pois      35%        N/A       6%          3
 Petrify                  Tmut/Erth      73%        N/A       6%          4
 Animate Armour           Summ/Erth      100%       N/A       7%          4
 Portal Projectile        Hex/Tloc       64%        N/A       8%          3
 Ice Form                 Ice/Tmut       57%        N/A       16%         4
 Borgnjor's Vile Clutch   Necr/Erth      37%        N/A       16%         5
 Summon Ice Beast         Ice/Summ       56%        N/A       17%         4
 Anguish                  Hex/Necr       18%        N/A       21%         4
 Excruciating Wounds      Necr           19%        N/A       43%         5
 Blade Hands              Tmut           17%        N/A       52%         5
 Statue Form              Tmut/Erth      48%        N/A       69%         6
 Simulacrum               Ice/Necr       30%        N/A       91%         6
 Dragon Form              Tmut           17%        N/A       100%        7
 Lehudib's Crystal Spear  Conj/Erth      47%        10d11     100%        8
 Necromutation            Tmut/Necr      18%        N/A       100%        8


Dungeon Overview and Level Annotations

Branches:
Dungeon (15/15)            Temple (1/1) D:7            Lair (6/6) D:8
  Swamp (0/4) Lair:4       Spider (0/4) Lair:2        Slime (0/5) Lair:6
    Orc (2/2) D:11            Elf (0/3) Orc:2        Vaults (0/5) D:13
 Depths (0/4) D:15          IceCv (visited)         Volcano (visited)

Altars:
Ashenzari
Cheibriados
Dithmenos
Elyvilon
Fedhas
Gozag
Makhleb
Nemelex Xobeh
Qazlal
Vehumet
Wu Jian
Xom
Yredelemnul
The Shining One
Jiyva

Shops:
D:2 =[?   D:7 [!   Orc:2 *=[(

Annotations:
D:14 1 transporter


Innate Abilities, Weirdness & Mutations

You have a pair of large antennae on your head. (SInv)
You are mostly covered in molten scales. (AC +3)
You are mostly covered in sharp spines.
A meltable shield of frost defends you. (SH +4)


Message History

The bolt of fire hits the skeletal warrior!!!
You destroy the skeletal warrior!
Cheibriados appreciates the change of pace.
The bolt of fire hits the spectral titan!!!
The spectral titan is almost destroyed.
The bolt of fire hits the death knight!!!
You kill the death knight!
Cheibriados appreciates the change of pace.
Your damage is reflected back at you!
You block the spectral titan's attack. Pavegg's ghost stares at you.
You block Pavegg's ghost's attack.
Unknown command.
You are too injured to fight recklessly!
A red film seems to cover your vision as you go berserk!
Cheibriados forces you to slow down.
You feel mighty! You block the spectral titan's attack.
Pavegg's ghost misses you.
You closely miss Pavegg's ghost.
Pavegg's ghost is almost destroyed.
The spectral titan is struck by your spines.
The spectral titan closely misses you. Pavegg's ghost hits you!!
You feel drained.
You sock Pavegg's ghost!
Pavegg's ghost is almost destroyed.
The spectral titan hits you!!
* * * LOW HITPOINT WARNING * * *
Pavegg's ghost says, "Try not to bleed too much."
You block Pavegg's ghost's attack.
You sock Pavegg's ghost!
You destroy Pavegg's ghost!
Cheibriados appreciates the change of pace.
The skeletal warrior hits you with a +0 mace.
* * * LOW HITPOINT WARNING * * *
You block the spectral titan's attack.
You block the fire giant zombie's attack.
You block the skeletal warrior's attack.
You sock the skeletal warrior! You burn the skeletal warrior!!
The skeletal warrior is severely damaged.
You block the spectral titan's attack. The phantasmal warrior hits you!!
You die...

#.....##.............†...........
#..................(.†.........##
###.#.....#############........##
#.......#...........#..........
####....#...........#..........
#....#..###.###..#.......###
#....#$.#8#.#8#..#....######
##...#=...Z.)....#..(.#####.
#..©#[...z@Z....#©......##.
#...#[....W.....#...######.
#...#(.#8#)#8#..#...######.
#...#..###.###..#..###.....
##..#.....).....#..# #.>...
#..#....(.....©#..# #.....
#..#############..#######.
#.........................
########...................).8...


You could see a skeletal warrior, a phantasmal warrior, a spectral titan and a
fire giant zombie.

Vanquished Creatures
  Rupert (D:15)
  Roxanne (D:15)
  A frost giant (IceCv)
  An orc warlord (Orc:2)
  2 fire giants (D:11)
  The ghost of Pavegg the Severer, a journeyman MiBe of Trog (D:14)
  Azrael (D:12)
  A red draconian (Volcano)
  An ettin (Orc:2)
  A yaktaur captain (D:11)
  Erolcha (D:12)
  An ice dragon (D:11)
  5 vault guards (D:13)
  An ogre mage (D:13)
  8 hydras
  3 centaur warriors
  A catoblepas (Lair:6)
  A rakshasa (D:15)
  8 boulder beetles
  The ghost of phonic the Basher, a novice MiBe of Trog (D:9)
  9 two-headed ogres
  A death knight (D:14)
  Erica (D:10)
  5 tengu warriors
  14 death yaks
  2 orc high priests
  A deep troll shaman (Lair:6)
  Sonja (D:11)
  A salamander mystic (Volcano)
  A deep troll (D:11)
  9 skeletal warriors
  A lindwurm (Lair:6)
  2 necromancers
  A wolf spider zombie (D:15)
  2 wizards (D:15)
  2 bog bodies (Lair:4)
  8 orc knights
  10 ugly things
  2 deep elf pyromancers
  3 orc sorcerers
  3 manticores
  A salamander (Volcano)
  8 cyclopes
  23 elephants
  11 black mambas
  A torpor snail (Lair:4)
  An ice statue (IceCv)
  2 naga magi (D:15)
  2 molten gargoyles (Volcano)
  5 gargoyles
  12 cane toads
  9 rime drakes
  2 unseen horrors
  3 kobold demonologists
  7 yaktaurs
  9 komodo dragons
  2 freezing wraiths (D:14)
  2 tengu conjurers
  6 trolls
  10 polar bears
  2 hornets
  A tarantella (shapeshifter) (D:15)
  Grinder (D:5)
  14 blink frogs
  A meliai zombie (D:15)
  4 slime creatures
  3 shadows
  3 vampires
  4 wraiths
  A steam dragon (Lair:5)
  2 water elementals (D:14)
  4 wyverns
  A yak (shapeshifter) (D:15)
  50 yaks
  A human (D:13)
  Eustachio (D:5)
  8 basilisks
  3 fire elementals (D:12)
  7 vampire mosquitoes
  2 swamp worms (Lair:4)
  4 wargs
  11 water moccasins
  4 acid dragons
  Duvessa (D:5)
  A hell hound (D:12)
  2 black bears
  2 ice beasts (D:7)
  44 orc warriors
  A necrophage (D:7)
  36 wolves
  10 centaurs
  6 ogres
  2 phantoms
  3 kobold brigands
  Blork the orc (D:6)
  13 bullfrogs
  7 scorpions
  A gnoll sergeant (D:9)
  Dowan (D:5)
  3 water moccasin skeletons
  7 killer bees
  6 electric eels
  7 howler monkeys
  10 centaur zombies
  2 lava snakes (D:10)
  2 centaur skeletons
  2 hounds
  2 bullfrog skeletons
  8 jellies
  21 orc priests
  7 iguanas
  Jessica (D:2)
  A gnoll shaman (D:9)
  Terence (D:2)
  26 orc wizards
  A howler monkey zombie (D:7)
  8 adders
  9 gnolls (D:9)
  2 white imps (D:7)
  2 ufetubi
  3 worms
  3 dart slugs
  65 orcs
  9 ball pythons
  4 bats
  8 endoplasms
  9 giant cockroaches
  6 goblins
  6 hobgoblins
  5 jackals
  15 kobolds
  4 quokkas
  5 frilled lizards
  4 rats
  A bush (Lair:6)
774 creatures vanquished.

Vanquished Creatures (collateral kills)
  A hydra (Lair:2)
  3 molten gargoyles (Volcano)
  7 foxfires
11 creatures vanquished.

Vanquished Creatures (others)
  A cyclops (Volcano)
  274 foxfires
  35 fungi
  75 plants
385 creatures vanquished.

Grand Total: 1170 creatures vanquished

Notes
Turn   | Place    | Note
-------+----------+-------------------------------------------
     0 | D:1      | DemonSlayer the Demonspawn Fire Elementalist began the
                  | quest for the Orb.
     0 | D:1      | Reached XP level 1. HP: 13/13 MP: 3/3
   421 | D:1      | Gained mutation: A meltable shield of frost defends you.
                  | (SH +4) [demonic ancestry]
   421 | D:1      | Reached XP level 2. HP: 15/19 MP: 0/5
   424 | D:1      | Learned a level 2 spell: Scorch
   573 | D:1      | Found a faded altar of an unknown god.
   591 | D:1      | Found a faded altar of an unknown god.
   935 | D:2      | Reached skill level 1 in Polearms
   935 | D:2      | Gained mutation: You are partially covered in sharp spines.
                  | [demonic ancestry]
   935 | D:2      | Reached XP level 3. HP: 24/24 MP: 1/6
   989 | D:2      | Found Qanir's Armour Emporium.
  1094 | D:2      | Found Huifugayk's Magic Scroll Emporium.
  1203 | D:2      | Noticed Jessica
  1206 | D:2      | Killed Jessica
  1207 | D:2      | Gained mutation: You are partially covered in molten
                  | scales. (AC +2) [demonic ancestry]
  1207 | D:2      | Reached XP level 4. HP: 31/31 MP: 0/7
  1297 | D:2      | Got the Handbook of the Fiery Voyage
  1388 | D:2      | Found Favir's Jewellery Boutique.
  1407 | D:2      | Noticed Terence
  1432 | D:2      | Killed Terence
  2288 | D:1      | Learned a level 3 spell: Conjure Flame
  2396 | D:2      | Bought a scroll of teleportation for 42 gold pieces
  2396 | D:2      | Bought a scroll of teleportation for 42 gold pieces
  2466 | D:3      | Reached skill level 3 in Spellcasting
  2466 | D:3      | Gained mutation: You have a pair of small antennae on your
                  | head. [demonic ancestry]
  2466 | D:3      | Reached XP level 5. HP: 32/36 MP: 2/9
  3546 | D:3      | Noticed a phantom
  3560 | D:3      | Killed a phantom
  3561 | D:3      | Reached skill level 1 in Armour
  3561 | D:3      | Gained mutation: You have a pair of antennae on your head.
                  | [demonic ancestry]
  3561 | D:3      | Reached XP level 6. HP: 42/42 MP: 4/11
  3796 | D:3      | Learned a level 3 spell: Ignite Poison
  4064 | D:2      | Bought a scroll of fear for 49 gold pieces
  4064 | D:2      | Bought a scroll of identify for 28 gold pieces
  4429 | D:4      | Reached skill level 1 in Fighting
  4843 | D:4      | Reached skill level 4 in Spellcasting
  4880 | D:4      | Gained mutation: You have a pair of large antennae on your
                  | head. (SInv) [demonic ancestry]
  4880 | D:4      | Reached XP level 7. HP: 43/48 MP: 7/13
  5212 | D:4      | Learned a level 4 spell: Flame Wave
  5335 | D:5      | Entered Level 5 of the Dungeon
  5551 | D:5      | Noticed Dowan
  5553 | D:5      | Reached skill level 5 in Spellcasting
  5670 | D:6      | Noticed Blork the orc
  5678 | D:6      | Killed Blork the orc
  5754 | D:6      | Reached skill level 5 in Fire Magic
  5854 | D:6      | Reached XP level 8. HP: 45/54 MP: 9/16
  6246 | D:6      | Reached skill level 6 in Spellcasting
  6279 | D:6      | Reached skill level 1 in Shields
  6723 | D:6      | Learned a level 6 spell: Starburst
  6734 | D:5      | Noticed Duvessa
  6747 | D:5      | Killed Dowan
  6750 | D:5      | Killed Duvessa
  6816 | D:5      | Identified the +0 cloak "Lilaut" {Rampage rC+}
  6893 | D:5      | Noticed Eustachio
  6916 | D:5      | Killed Eustachio
  6917 | D:5      | Reached skill level 7 in Spellcasting
  7092 | D:5      | Reached XP level 9. HP: 36/59 MP: 15/19
  7438 | D:5      | Noticed Grinder
  7446 | D:5      | Killed Grinder
  7909 | D:2      | Bought a scroll of fear for 49 gold pieces
  7909 | D:2      | Bought a scroll of fog for 28 gold pieces
  7909 | D:2      | Bought a scroll of magic mapping for 49 gold pieces
  8106 | D:5      | Found a basalt altar of Yredelemnul.
  8223 | D:7      | Found Kasontao's Armour Shop.
  8737 | D:7      | Found a burning altar of Makhleb.
  8741 | D:7      | Found a shadowy altar of Dithmenos.
  8879 | D:7      | Found Lexutiodd's Distillery.
  8885 | D:7      | Reached skill level 8 in Spellcasting
  8895 | D:7      | Bought a potion of heal wounds for 55 gold pieces
  8895 | D:7      | Bought a potion of curing for 33 gold pieces
  9065 | D:7      | Found a staircase to the Ecumenical Temple.
  9098 | Temple   | Entered the Ecumenical Temple
  9144 | Temple   | Became a worshipper of Cheibriados the Contemplative
  9280 | D:7      | Found a shimmering altar of Xom.
 10052 | D:8      | Gained mutation: You are mostly covered in sharp spines.
                  | [demonic ancestry]
 10052 | D:8      | Reached XP level 10. HP: 63/66 MP: 14/22
 10061 | D:8      | Reached skill level 9 in Spellcasting
 10185 | D:8      | Found a staircase to the Lair.
 10242 | D:8      | Reached * piety under Cheibriados
 10572 | D:8      | Learned a level 3 spell: Ozocubu's Armour
 10709 | Lair:1   | Entered Level 1 of the Lair of Beasts
 10714 | Lair:1   | Noticed an eight-headed hydra
 10767 | Lair:1   | Reached skill level 1 in Slings
 11221 | D:9      | Noticed a two-headed ogre
 11227 | D:9      | Killed a two-headed ogre
 11227 | D:9      | Reached ** piety under Cheibriados
 11228 | D:9      | Noticed a two-headed ogre
 11252 | D:10     | Entered Level 10 of the Dungeon
 11626 | D:10     | Reached skill level 10 in Spellcasting
 12222 | D:10     | Noticed an orange demon
 12223 | D:10     | Reached XP level 11. HP: 38/72 MP: 16/25
 12667 | D:10     | Found a broken altar of Ashenzari.
 12794 | D:9      | Found a runed translucent gate.
 12796 | D:9      | Found a runed translucent gate.
 12797 | D:9      | Noticed phonic's ghost (novice MiBe)
 12798 | D:9      | Found a runed translucent gate.
 12800 | D:9      | Found a viscous altar of Jiyva.
 12813 | D:9      | Noticed a two-headed ogre
 12822 | D:9      | Killed a two-headed ogre
 12957 | D:9      | Killed a two-headed ogre
 13140 | D:9      | Reached skill level 5 in Armour
 13274 | D:9      | Learned a level 7 spell: Ozocubu's Refrigeration
 13417 | D:10     | Noticed Erica
 13427 | D:10     | Killed Erica
 13818 | D:10     | Identified 3 scrolls of acquirement
 13818 | D:10     | Acquired the +3 Elemental Staff {rElec rF++ rC++ AC+5}
 13818 | D:10     | Found the +3 Elemental Staff {rElec rF++ rC++ AC+5}
 13821 | D:10     | Acquired 506 gold pieces
 13823 | D:10     | Acquired an amulet of regeneration
 13920 | D:7      | Bought the +1 leather armour "Uqiotec" {rF+ Will+ Regen+}
                  | for 345 gold pieces
 14045 | D:7      | Bought 2 potions of invisibility for 176 gold pieces
 14136 | D:11     | Reached *** piety under Cheibriados
 14191 | D:11     | Noticed Sonja
 14193 | D:11     | Killed Sonja
 14278 | D:11     | Reached skill level 11 in Spellcasting
 14343 | D:11     | Noticed a two-headed ogre
 14397 | D:11     | Noticed a yaktaur captain
 14411 | D:11     | Noticed a two-headed ogre
 14416 | D:11     | Killed a two-headed ogre
 14428 | D:11     | Killed a yaktaur captain
 14429 | D:11     | Reached skill level 10 in Fire Magic
 14475 | D:11     | Noticed a fire giant
 14890 | Lair:1   | Killed an eight-headed hydra
 14894 | Lair:1   | Reached XP level 12. HP: 64/80 MP: 14/27
 15112 | Lair:1   | Reached **** piety under Cheibriados
 15624 | Lair:1   | Reached skill level 12 in Spellcasting
 16621 | Lair:1   | Learned a level 4 spell: Sticky Flame
 17039 | Lair:2   | Noticed a seven-headed hydra
 17045 | Lair:2   | Noticed a six-headed hydra
 17053 | Lair:2   | Killed a seven-headed hydra
 17066 | Lair:2   | Killed a six-headed hydra
 17453 | Lair:2   | Found a hole to the Spider Nest.
 17456 | Lair:2   | Reached ***** piety under Cheibriados
 17456 | Lair:2   | Noticed a boulder beetle
 17472 | Lair:2   | Killed a boulder beetle
 18071 | Lair:3   | Identified the +11 war axe of Xuucs {pain, Str+4 Dex+3}
 18180 | Lair:3   | Reached skill level 13 in Spellcasting
 18647 | Lair:3   | You fall into a shaft and drop 2 floors!
 18714 | Lair:5   | Found a dark tunnel.
 18724 | Volcano  | Entered a volcano
 19073 | Volcano  | Reached XP level 13. HP: 87/87 MP: 16/30
 19087 | Volcano  | Noticed a red draconian
 19093 | Volcano  | Reached skill level 1 in Staves
 19194 | Volcano  | Reached skill level 1 in Axes
 19340 | Volcano  | Noticed an orb of fire
 19366 | Volcano  | Killed a red draconian
 19555 | Volcano  | Noticed an orb of fire
 19592 | Volcano  | Identified the +0 pair of gloves of the Pleiades {rPois
                  | Str+7 Dex-5 Slay+2}
 19713 | Lair:5   | Learned a level 3 spell: Stone Arrow
 19982 | Lair:5   | Reached skill level 1 in Evocations
 20546 | Lair:4   | Reached skill level 5 in Dodging
 20915 | Lair:4   | Reached ****** piety under Cheibriados
 21065 | Lair:4   | Acquired DemonSlayer's Tome of Freezing Unholy Rites
 21747 | Lair:4   | Found a staircase to the Swamp.
 22035 | Lair:4   | Learned a level 3 spell: Frozen Ramparts
 22141 | Lair:3   | Acquired 1231 gold pieces
 22504 | Lair:6   | Entered Level 6 of the Lair of Beasts
 22578 | Lair:6   | Reached XP level 14. HP: 96/96 MP: 5/31
 22818 | Lair:6   | Reached skill level 1 in Ice Magic
 22830 | Lair:6   | Reached skill level 5 in Shields
 23071 | Lair:6   | Reached skill level 14 in Spellcasting
 23203 | Lair:6   | Reached skill level 5 in Axes
 23388 | Lair:6   | Found a viscous altar of Jiyva.
 23389 | Lair:6   | Found a staircase to the Slime Pits.
 24036 | Lair:6   | Identified the amulet of Beilem {Acrobat rF+ Regen+ Int+2}
 24249 | D:11     | Killed a fire giant
 24385 | D:11     | Reached skill level 5 in Fighting
 24399 | D:11     | Identified the +5 gold dragon scales of the Game of Life
                  | {Harm rPois rF+ rC+ Str+9}
 24666 | D:11     | Identified the +2 whip of Extermination {holy, Str+3}
 24695 | D:11     | Reached skill level 1 in Earth Magic
 25321 | D:11     | Reached skill level 1 in Throwing
 25608 | D:11     | Noticed a fire giant
 25623 | D:11     | Killed a fire giant
 26377 | D:11     | Found a staircase to the Orcish Mines.
 26710 | D:11     | Learned a level 2 spell: Ensorcelled Hibernation
 26897 | Orc:1    | Entered Level 1 of the Orcish Mines
 26906 | Orc:1    | Gained mutation: You are mostly covered in molten scales.
                  | (AC +3) [demonic ancestry]
 26906 | Orc:1    | Reached XP level 15. HP: 100/103 MP: 7/33
 27040 | Orc:2    | Entered Level 2 of the Orcish Mines
 27040 | Orc:2    | Found Esafeq's Jewellery Emporium.
 27052 | Orc:2    | Found a staircase to the Elven Halls.
 27071 | Orc:1    | Found a frozen archway.
 27080 | IceCv    | Entered an ice cave
 27229 | IceCv    | Reached skill level 5 in Conjurations
 28138 | IceCv    | Noticed a frost giant
 28158 | IceCv    | Killed a frost giant
 28403 | IceCv    | Identified the +0 hat "Nothres" {*Corrode rPois Dex+2}
 28930 | Orc:2    | Found Emont's General Store.
 29146 | Orc:2    | Noticed an orc warlord
 29277 | Orc:2    | Killed an orc warlord
 30070 | Orc:2    | Found Xostraf's Antique Weapon Shoppe.
 30201 | Orc:2    | Bought a potion of berserk rage for 65 gold pieces
 30201 | Orc:2    | Bought a scroll of fear for 45 gold pieces
 30201 | Orc:2    | Bought a scroll of teleportation for 39 gold pieces
 30201 | Orc:2    | Bought a scroll of enchant armour for 97 gold pieces
 30201 | Orc:2    | Bought a potion of heal wounds for 65 gold pieces
 30252 | Orc:2    | Found Siak's Antique Armour Shop.
 30260 | Orc:2    | Bought an opal-encrusted scale mail for 234 gold pieces
 30260 | Orc:2    | Identified the +0 scale mail of Idealism {*Corrode Regen+
                  | Str+4 Stlth-} (You bought it in a shop on level 2 of the
                  | Orcish Mines)
 30700 | D:12     | Noticed Azrael
 30709 | D:12     | Killed Azrael
 30710 | D:12     | Reached skill level 15 in Spellcasting
 31350 | D:12     | Noticed Erolcha
 31366 | D:12     | Killed Erolcha
 31678 | D:12     | Identified the +1 ring mail "Roivoce" {-Cast rC+++ Will+
                  | Regen+}
 32717 | D:13     | Reached skill level 5 in Earth Magic
 32892 | D:13     | Reached skill level 5 in Stealth
 33432 | D:13     | Reached XP level 16. HP: 79/110 MP: 15/35
 34731 | D:13     | Found a gate to the Vaults.
 34977 | D:13     | Learned a level 4 spell: Dispel Undead
 35388 | D:14     | Found a transporter.
 35576 | D:14     | Noticed Pavegg's ghost (journeyman MiBe)
 35577 | D:14     | Found a transporter.
 36354 | D:15     | Entered Level 15 of the Dungeon
 36365 | D:15     | Identified Roxanne's Volume of Transmigration
 36365 | D:15     | Noticed Roxanne
 36388 | D:15     | Killed Roxanne
 37325 | D:15     | Noticed Rupert
 37339 | D:15     | Killed Rupert
 38009 | D:15     | Found a staircase to the Depths.
 38701 | D:9      | Killed phonic's ghost
 39618 | D:14     | Killed Pavegg's ghost
 39619 | D:14     | Slain by a phantasmal warrior

Illustrated notes

Levels and vault maps discovered:
D:1:      onia_arrival_pyramid, layout_loops_ring,
          hellmonk_ecumenical_altar_the_god_not_taken, corexii_leaking_fountain,
          wander_ebering_terrifying_dragon_lair
D:2:      layout_loops_ring, serial_shops, shop, shop, shop, item_on_display_a,
          uniq_jessica, uniq_terence
D:3:      layout_basic
D:4:      layout_basic, chequers_serial_rivers_micro_c, grunt_decor_arrowhead
D:5:      layout_basic, kennysheep_little_box, uniq_eustachio, uniq_grinder,
          uniq_duvessa
D:6:      layout_gridville, wad_floor_pattern_untrapped,
          chequers_decorated_corner, uniq_blork_the_orc
D:7:      layout_basic, amethyst_overflow_temple_binary,
          mainiacjoe_overflow_catwalk_spiral, minmay_temple_entry_mist,
          serial_shops, nicolae_shop_stone, shop, kennysheep_nondescript,
          lightli_minifort
D:8:      layout_rooms, david_lair_generic
D:9:      layout_roguey, gammafunk_ghost_ooze
D:10:     layout_basic, nicolae_ashenzari_panopticon, grunt_ministairs_15,
          kennysheep_cross_room, uniq_erica
D:11:     nzn_winding_woodlands_large [nzn_winding_woodlands_5x5_default,
          nzn_winding_woodlands_5x15_jagged,
          nzn_winding_woodlands_5x5_open_star,
          nzn_winding_woodlands_center_lodge,
          nzn_winding_woodlands_15x15_five_gardens,
          nzn_winding_woodlands_center_diamonds,
          nzn_winding_woodlands_5x5_three,
          nzn_winding_woodlands_5x15_sidewinder,
          nzn_winding_woodlands_hourglass], layout_cave_pools, uniq_sonja
D:12:     layout_rooms, uniq_azrael, uniq_erolcha
D:13:     layout_loops_ring, grunt_vaults_entry_fortified
D:14:     layout_basic, infiniplex_staircase_pillars_3a,
          gammafunk_ghost_mausoleum, serial_bayou, serial_bayou_shore_b,
          serial_bayou_lagoon_a, serial_bayou_lake_a, serial_bayou_crossing,
          hangedman_abyss_or_decor_stagger, nicolae_elevator_lobby_plus
D:15:     grunt_enter_depths_magical_seal, layout_basic,
          chequers_serial_rivers_large_a, uniq_rupert, uniq_roxanne
Temple:   regret_index_temple_sphere_string
Lair:1:   layout_layer_cave, hibernation_bobbens, grunt_megastairs_3
Lair:2:   layout_loops_ring, nicolae_spider_entry_non_spiders,
          beast_lair_carwin_1
Lair:3:   layout_regular_city
Lair:4:   layout_cave_pods, nicolae_swamp_entry_splash_gauntlet,
          chequers_serial_rivers_small_b
Lair:5:   layout_hall_layers, nicolae_volcano_entry_hallway, lemuel_fruit_tree,
          infiniplex_staircase_pool
Lair:6:   grunt_lair_end_beastmaster, layout_cave_shapes, slime_altar_1,
          chequers_serial_rivers_room_a, grunt_megastairs_5
Orc:1:    layout_caves, portal_ice_cave_entry_pillars_2
Orc:2:    grunt_orc_gardens, layout_caves, grunt_orc_garden, grunt_orc_garden,
          grunt_orc_garden, grunt_orc_garden

Skill      XL: |  1  2  3  4  5  6  7  8  9 10 11 12 13 14 15 16 |
---------------+-------------------------------------------------+-----
Fire Magic     | 3 4 5 6 7 9 10 11 12 13 | 13.1
Polearms       | 1 2 3 |  3.4
Dodging        | 2 3 4 5 6 7 |  7.4
Stealth        | 2 3 4 5 |  5.1
Spellcasting   | 3 4 5 7 8 10 11 13 14 15 | 15.9
Armour         | 1 2 4 5 6 |  6.4
Fighting       | 1 2 3 4 5 |  5.7
Shields        | 1 2 4 6 7 8 |  8.4
Slings         | 3 |  3.1
Conjurations   | 2 3 4 6 8 |  8.0
Staves         | 2 3 |  3.9
Axes           | 4 6 |  6.6
Evocations     | 1 |  1.9
Ice Magic      | 1 |  1.7
Earth Magic    | 2 5 6 |  6.1
Throwing       | 1 |  1.3
Necromancy     | |  0.8
Transmutations | |  0.2
Poison Magic   | |  0.4

Action                   |  1- 3 |  4- 6 |  7- 9 | 10-12 | 13-15 | 16-18 || total
-------------------------+-------+-------+-------+-------+-------+-------++-------
Melee: Spear             |    27 |    45 |       |       |       |       ||    72
       Trident           |       |    32 |    44 |    31 |       |       ||   107
       Punch             |       |     1 |     1 |       |     1 |       ||     3
       Staff             |       |       |       |    38 |   238 |    83 ||   359
       War axe           |       |       |       |     7 |   170 |       ||   177
 Fire: Hunting sling     |       |       |       |    53 |       |       ||    53
Throw: Dart              |       |       |       |     5 |     6 |     3 ||    14
 Cast: Foxfire           |    27 |     8 |     4 |    27 |    87 |    22 ||   175
       Scorch            |     6 |    44 |   139 |   279 |    68 |       ||   536
       Conjure Flame     |       |       |     1 |     2 |     1 |       ||     4
       Flame Wave        |       |       |       |     6 |     2 |       ||     8
       Ignite Poison     |       |       |       |     2 |       |       ||     2
       Ozocubu's Armour  |       |       |       |     3 |     5 |     2 ||    10
       Sticky Flame      |       |       |       |    17 |    76 |     9 ||   102
       Stone Arrow       |       |       |       |       |   415 |   191 ||   606
       Frozen Ramparts   |       |       |       |       |     7 |     2 ||     9
       Starburst         |       |       |       |       |    18 |    16 ||    34
       Dispel Undead     |       |       |       |       |       |     3 ||     3
Invok: Bend Time         |       |       |       |       |       |     1 ||     1
Evoke: Wand              |       |       |       |     6 |    13 |    11 ||    30
  Use: Scroll            |       |     4 |     3 |    20 |    17 |     2 ||    46
       Potion            |       |       |       |     7 |    26 |     3 ||    36
 Stab: Sleeping          |     1 |     2 |       |       |       |       ||     3
       Invisible         |       |       |       |     1 |     7 |       ||     8
       Petrified         |       |       |       |       |    10 |       ||    10
       Petrifying        |       |       |       |       |     1 |       ||     1
       Distracted        |       |       |       |       |     1 |       ||     1
Armor: Ring mail         |    15 |     9 |       |       |       |       ||    24
       Scale mail        |       |    22 |    52 |    42 |       |       ||   116
       Leather armour    |       |       |       |    82 |   192 |    79 ||   353
Dodge: Dodged            |    16 |    35 |    34 |   200 |   438 |    97 ||   820
Block: Other             |     3 |    12 |    16 |    67 |       |       ||    98
       Kite shield       |       |       |       |       |   865 |   256 ||  1121
